 Dungeon Crawl Stone Soup version 0.31-a0-43-g46d131a48f (webtiles) character file.

Game seed: 10006809669820590787

2370 Drazool the Basher (level 9, -14/63 HPs)
             Began as a Demonspawn Fighter on May 18, 2023.
             Was a Priest of Nemelex Xobeh.
             Killed from afar by a gargoyle (22 damage)
             ... with a stone arrow
             ... on level 7 of the Dungeon.
             The game lasted 00:13:46 (6328 turns).

Drazool the Basher (Demonspawn Fighter)             Turns: 6328, Time: 00:13:48

Health: -14/63     AC: 11    Str: 27    XL:     9   Next: 21%
Magic:  12/12      EV: 10    Int: 10    God:    Nemelex Xobeh [***...]
Gold:   475        SH:  4    Dex: 12    Spells: 8/8 levels left

rFire   . . .        m - +0 whip (flame)
rCold   . . .        c - +0 buckler
rNeg    . . .        t - +1 ring mail {rPois}
rPois   +            (no helmet)
rElec   .            (no cloak)
rCorr   .            i - +2 pair of gloves
SInv    .            (boots unavailable)
Will    +....        (no amulet)
Stlth   +            S - +6 ring of strength
HPRegen 0.30/turn    W - ring of willpower
MPRegen 0.13/turn

%: no passive effects
@: studying Fire Magic
A: hooves 3, slimy green scales 1
a: Renounce Religion, Draw Escape, Draw Destruction, Draw Summoning, Triple Draw


You were on level 7 of the Dungeon.
You worshipped Nemelex Xobeh.
Nemelex Xobeh was most pleased with you.
You visited 1 branch of the dungeon, and saw 7 of its levels.

You collected 475 gold pieces.


Innate Abilities, Weirdness & Mutations

You have hooves in place of feet.
You are partially covered in slimy green scales. (AC +2)


   Skills:
 - Level 3.0 Fighting
 + Level 10.9 Maces & Flails
 - Level 2.6 Armour
 - Level 2.6 Shields
 - Level 5.0 Invocations


You had 8 spell levels left.
You didn't know any spells.
Your spell library contained the following spells:

 Spells                   Type           Power      Damage    Failure   Level
 Summon Guardian Golem    Hex/Summ       0%         N/A       89%         3
 Enfeeble                 Hex            0%         N/A       100%        7

Inventory:

Hand Weapons
 a - a +1 flail
 m - a +0 whip of flaming (weapon)
 y - a +0 dire flail
Missiles
 w - 5 curare-tipped darts {=f}
Armour
 b - a +0 scale mail
 c - a +0 buckler (worn)
 i - a +2 pair of gloves (worn)
 r - a scarf of harm
 t - a +1 ring mail of poison resistance (worn)
Jewellery
 x - an amulet of faith {!P}
 C - a ring of protection from cold
 F - a ring of fire
 S - a +6 ring of strength (left hand)
 T - a +4 ring of protection
 W - a ring of willpower (right hand)
Wands
 e - a wand of paralysis (6)
 g - a wand of digging (6)
 o - a wand of polymorph (19)
 s - a wand of quicksilver (13)
 A - a wand of iceblast (11)
Scrolls
 f - a scroll of vulnerability
 j - 6 scrolls of teleportation {@r2}
 p - a scroll of blinking
 q - a scroll of identify {@r1}
 u - 3 scrolls of enchant weapon
 B - a scroll of magic mapping
Potions
 d - 3 potions of might
 h - 4 potions of curing {@q1}
 k - 2 potions of attraction {unknown}
 l - a potion of invisibility {unknown}
 n - a potion of heal wounds {unknown}
 v - 3 potions of degeneration {unknown}
 z - a potion of ambrosia {unknown}

Dungeon Overview and Level Annotations

Branches:
Dungeon (7/15)             Temple (0/1) D:4

Altars:
Ashenzari
Gozag
Hepliaklqana
Makhleb
Nemelex Xobeh
Qazlal
Sif Muna
Vehumet
Wu Jian
Yredelemnul

Shops:
D:6

= #####...#######............#
#.# #..........<..#............#
#.#
#.............#..........###.#.#
#.............#..............#.#
#######......##...........#
##'#####.#.....▒▒▒...# #....#
#.###.▒▒ ▒▒..9.... #....# #.##.▒
.▒.▒.▒. #....# #@#.▒ .▒.▒ ▒
#....# ##9o▒ o▒ ▒ #....# ####.▒▒
▒. #....#####.##..▒▒▒▒▒▒
#....'.....##........
#....#.........######
#....#.###.#########
#....#...#.##......#
#....###.#.##.####)####...


You could see a gargoyle and an orc.


Message History

You kick the gargoyle, but do no damage.
The gargoyle is moderately damaged.
You hit the gargoyle but do no damage. You kick the gargoyle.
The gargoyle is moderately damaged.
The gargoyle closely misses you.
You closely miss the gargoyle.
The gargoyle is moderately damaged.
The gargoyle hits you with a +0 flail!
* * * LOW HITPOINT WARNING * * *
You hit the gargoyle but do no damage.
The gargoyle is moderately damaged.
You barely miss the gargoyle. Your kick misses the gargoyle.
The gargoyle is moderately damaged.
The gargoyle hits you with a +0 flail!
* * * LOW HITPOINT WARNING * * *
You hit the gargoyle but do no damage. Your kick misses the gargoyle.
The gargoyle is moderately damaged.
Unknown command.
Okay, then.
Unknown command.
Use which ability? (? or * to list)
You draw a card...
You have drawn Pain.
Press: ? - help, Shift-Dir - straight line, f - gargoyle
Aim: a gargoyle, wielding a +0 flail (moderately damaged)
The gargoyle is unaffected.
The gargoyle hurls a stone arrow at you.
The stone arrow hits you!!
You die...
Your body disappears without a glow.

Skill      XL: |  1  2  3  4  5  6  7  8 |
---------------+-------------------------+-----
Maces & Flails | 2 3 4 5 6 7 10 | 10.9
Invocations    | 1 3 5 |  5.0
Fighting       | |  3.0
Armour         | |  2.6
Shields        | |  2.6

Action                     |  1- 3 |  4- 6 |  7- 9 || total
---------------------------+-------+-------+-------++-------
  Melee: Flail             |    90 |   172 |       ||   262
         Kick              |       |    43 |    80 ||   123
         Whip              |       |    17 |   310 ||   327
 Invoke: Draw Destruction  |       |     5 |     5 ||    10
  Evoke: Wand              |       |       |     1 ||     1
    Use: Scroll            |     3 |     6 |     5 ||    14
 Armour: Scale mail        |    50 |   139 |    15 ||   204
         Ring mail         |       |       |    82 ||    82
  Dodge: Dodged            |    47 |   108 |   100 ||   255
  Block: Buckler           |    20 |    64 |    46 ||   130

Levels and vault maps discovered:
D:1:      dpeg_arrival_shelter, layout_rooms, minmay_pentomino_u4
D:2:      layout_basic, nicolae_ecumenical_lake_church, basic_altar,
          serial_corexii_hall, corexii_hall_statues_l, chequers_hall_statues_y,
          uniq_terence, uniq_jessica
D:3:      layout_basic, nicolae_overflow_two_pavilions
D:4:      layout_loops_corners, mainiacjoe_overflow_paths,
          makhleb_blood_cavern_becter, lemuel_round_altar,
          chequers_temple_overflow_statue_of_worship,
          minmay_temple_entry_offerings, chequers_serial_rivers_room_a,
          minmay_manual_mares, uniq_pikel, uniq_grinder
D:5:      layout_gridville, kennysheep_generic_room_7, uniq_duvessa, uniq_ijyb
D:6:      layout_basic, nicolae_shop_unique_rings
D:7:      layout_basic, mainiacjoe_overflow_tiny_flanked,
          mainiacjoe_overflow_six_doors_small, minmay_manual_maat

Notes
Turn   | Place    | Note
-------+----------+-------------------------------------------
     0 | D:1      | Drazool the Demonspawn Fighter began the quest for the Orb.
     0 | D:1      | Reached XP level 1. HP: 18/18 MP: 1/1
    47 | D:1      | Reached skill level 2 in Maces & Flails
   103 | D:1      | Gained mutation: You are partially covered in slimy green
                  | scales. (AC +2) [demonic ancestry]
   103 | D:1      | Reached XP level 2. HP: 15/24 MP: 2/2
   528 | D:2      | Reached skill level 3 in Maces & Flails
   528 | D:2      | Reached XP level 3. HP: 18/29 MP: 3/3
   657 | D:2      | Found an ornate altar of the Wu Jian Council.
   660 | D:2      | Noticed Terence
   669 | D:2      | Killed Terence
   726 | D:2      | Noticed Jessica
   749 | D:2      | Killed Jessica
   750 | D:2      | Reached skill level 4 in Maces & Flails
   750 | D:2      | Gained mutation: You have large cloven feet. [demonic
                  | ancestry]
   750 | D:2      | Reached XP level 4. HP: 12/35 MP: 4/4
  1291 | D:2      | Found a faded altar of an unknown god.
  1295 | D:2      | Prayed at the altar of an unknown god.
  1295 | D:2      | Became a worshipper of Nemelex Xobeh the Trickster
  1295 | D:2      | Reached * piety under Nemelex Xobeh
  1295 | D:2      | Received a gift from Nemelex Xobeh
  1429 | D:3      | Reached XP level 5. HP: 35/41 MP: 5/5
  1535 | D:3      | Found a shimmering blue altar of Sif Muna.
  1637 | D:3      | Reached skill level 5 in Maces & Flails
  1936 | D:3      | Reached ** piety under Nemelex Xobeh
  2131 | D:3      | Received a gift from Nemelex Xobeh
  2206 | D:4      | Noticed Pikel
  2206 | D:4      | Noticed a lemure
  2206 | D:4      | Noticed a lemure
  2206 | D:4      | Noticed a lemure
  2207 | D:4      | a lemure changed into a quasit
  2207 | D:4      | a lemure changed into a quasit
  2207 | D:4      | Pikel changed into Pikel the tengu
  2207 | D:4      | Noticed Pikel
  2208 | D:4      | Noticed a lemure
  2209 | D:4      | Killed a lemure
  2258 | D:4      | Noticed Grinder
  2261 | D:4      | Grinder changed into Grinder the crimson imp
  2261 | D:4      | Noticed Grinder
  2266 | D:4      | Killed Grinder the crimson imp
  2501 | D:4      | Found a stormy altar of Qazlal.
  2629 | D:4      | Killed Pikel the tengu
  2630 | D:4      | Reached skill level 1 in Invocations
  2630 | D:4      | Reached XP level 6. HP: 37/47 MP: 5/7
  2832 | D:4      | Reached skill level 6 in Maces & Flails
  2832 | D:4      | Reached skill level 2 in Invocations
  2840 | D:4      | Reached skill level 3 in Invocations
  2843 | D:4      | Gained mutation: You have hoof-like feet. [demonic
                  | ancestry]
  2843 | D:4      | Reached XP level 7. HP: 24/52 MP: 9/9
  2965 | D:4      | Reached skill level 4 in Invocations
  2981 | D:4      | Found a broken altar of Ashenzari.
  2982 | D:4      | Found a sparkling altar of Nemelex Xobeh.
  2982 | D:4      | Found a basalt altar of Yredelemnul.
  2983 | D:4      | Found a hazy altar of Hepliaklqana.
  3107 | D:4      | Found a staircase to the Ecumenical Temple.
  3119 | D:4      | Got the Directory of Beguiling
  3279 | D:4      | Found a burning altar of Makhleb.
  3558 | D:5      | Entered Level 5 of the Dungeon
  3577 | D:4      | Reached skill level 5 in Invocations
  3710 | D:5      | Noticed Ijyb
  3728 | D:5      | Killed Ijyb
  3765 | D:5      | Reached skill level 7 in Maces & Flails
  3935 | D:5      | Reached XP level 8. HP: 56/58 MP: 11/11
  4004 | D:5      | Reached skill level 8 in Maces & Flails
  4215 | D:5      | Reached *** piety under Nemelex Xobeh
  4254 | D:5      | Noticed Duvessa
  4255 | D:5      | Noticed Dowan
  4271 | D:5      | Killed Duvessa
  4276 | D:5      | Killed Dowan
  4613 | D:5      | Reached skill level 9 in Maces & Flails
  4704 | D:5      | Received a gift from Nemelex Xobeh
  4759 | D:6      | Found Goucsel's One-of-a-Kind Rings.
  5730 | D:7      | Found an opulent altar of Gozag.
  5741 | D:7      | Reached skill level 10 in Maces & Flails
  5925 | D:7      | Received a gift from Nemelex Xobeh
  6113 | D:7      | Gained mutation: You have hooves in place of feet. [demonic
                  | ancestry]
  6113 | D:7      | Reached XP level 9. HP: 63/63 MP: 12/12
  6159 | D:7      | Found a radiant altar of Vehumet.
  6296 | D:7      | Noticed a gargoyle
  6328 | D:7      | Killed from afar by a gargoyle

Vanquished Creatures
  A yak (D:7)
  Duvessa (D:5)
  A black bear (D:4)
  2 sky beasts
  2 centaurs (D:4)
  A tengu (D:4)
  A phantom (D:4)
  A lemure (D:4)
  A bullfrog (D:7)
  A kobold brigand (D:7)
  3 scorpions
  6 wights
  Dowan (D:5)
  2 killer bees (D:7)
  A crimson imp (D:4)
  2 quasits (D:3)
  A gnoll bouda (D:4)
  6 hounds
  2 orc priests (D:5)
  2 jellies
  2 iguanas
  Jessica (D:2)
  Ijyb (D:5)
  Terence (D:2)
  2 orc wizards
  5 gnolls
  10 adders
  A white imp (D:5)
  2 ufetubi
  A dart slug (D:5)
  9 orcs
  6 bats
  3 endoplasms
  3 giant cockroaches
  3 goblins
  8 hobgoblins
  11 jackals
  9 kobolds
  6 quokkas
  7 ball pythons
  2 frilled lizards
  5 rats
136 creatures vanquished.

Table legend: (Time is in decaauts)
 A = Elapsed time spent in this place.
 B = Non-inter-level travel time spent in this place.
 C = Inter-level travel time spent in this place.
 D = Time resting spent in this place.
 E = Time spent auto-exploring this place.
 F = Levels seen in this place.
 G = Mean time per level.
                   A        B        C        D        E       F      G
               +--------+--------+--------+--------+--------+-----+--------+
         Total |   6304 |   5964 |    340 |    162 |   4619 |   7 |  900.6 |
       Dungeon |   6304 |   5964 |    340 |    162 |   4619 |   7 |  900.6 |
               +--------+--------+--------+--------+--------+-----+--------+

Top non-repeatable levels by time:
     D:4: 1474 daAuts
     D:5: 976 daAuts
     D:6: 969 daAuts
     D:2: 937 daAuts
     D:3: 879 daAuts
     D:7: 567 daAuts
     D:1: 499 daAuts

Table legend:
 A = Non-vault XP
 B = Vault XP
 C = Vault XP percentage of total XP
 D = Non-vault monster count
 E = Vault monster count
 F = Vault count percentage of total count
                 A         B        C        D         E       F
            +---------+---------+-------+---------+---------+-------
      Total |    2338 |    1048 |  31.0 |     116 |      17 |  12.8
            +---------+---------+-------+---------+---------+-------
        D:1 |      22 |       7 |  24.1 |      13 |       4 |  23.5
        D:2 |      62 |      73 |  54.1 |      22 |       2 |   8.3
        D:3 |      90 |       0 |   0.0 |      16 |       0 |   0.0
        D:4 |     485 |     434 |  47.2 |      24 |       5 |  17.2
        D:5 |     500 |     332 |  39.9 |      21 |       5 |  19.2
        D:6 |     477 |       0 |   0.0 |       7 |       0 |   0.0
        D:7 |     702 |     202 |  22.3 |      13 |       1 |   7.1
            +---------+---------+-------+---------+---------+-------
